 Dungeon Crawl Stone Soup version 0.19.5 (webtiles) character file.

28784 tricornhat the Bludgeoner (level 13, -1/101 HPs)
             Began as a Demonspawn Berserker on Mar 22, 2017.
             Was a High Priest of Trog.
             Slain by Snorg (8 damage)
             ... on level 3 of the Lair of Beasts.
             The game lasted 02:05:19 (15290 turns).

tricornhat the Bludgeoner (Demonspawn Berserker)   Turns: 15290, Time: 02:05:20

Health: -1/101     AC: 24    Str: 21    XL:     13   Next: 11%
Magic:  14/14      EV: 13    Int:  9    God:    Trog [*****.]
Gold:   561        SH:  0    Dex: 14    Spells: 0 memorised, 12 levels left

rFire  . . .     SeeInvis .     b - +3 longbow (freeze)
rCold  . . .     Gourm    .     H - +1 plate armour
rNeg   . . .     Faith    .     (shield currently unavailable)
rPois  +         Spirit   .     (helmet restricted)
rElec  +         Reflect  .     l - +1 cloak
rCorr  .         Harm     .     k - +1 pair of gloves
MR     .....                    e - +1 pair of boots
Stlth  ..........               g - amulet of regeneration
                                B - ring of poison resistance
                                G - +5 ring of evasion

@: no status effects
A: horns 2, icy blue scales 2, foul stench 1, electricity resistance, rot
immunity
a: Berserk, Trog's Hand, Brothers in Arms, Burn Spellbooks, Renounce Religion


You were on level 3 of the Lair of Beasts.
You worshipped Trog.
Trog was extremely pleased with you.
You were very full.

You visited 2 branches of the dungeon, and saw 15 of its levels.
You also visited: Sewer.

You collected 837 gold pieces.
You spent 276 gold pieces at shops.

Inventory:

Hand Weapons
 a - a +3 great mace of protection
 b - a +3 longbow of freezing (weapon)
 d - a +3 mace of protection
Missiles
 i - 225 arrows (quivered)
Armour
 e - a +1 pair of boots (worn)
 k - a +1 pair of gloves (worn)
 l - a +1 cloak (worn)
 H - a +1 plate armour (worn)
Jewellery
 g - an amulet of regeneration (around neck)
 o - a +3 ring of protection
 B - a ring of poison resistance (right hand)
 G - a +5 ring of evasion (left hand)
 L - an uncursed ring of protection from fire
Wands
 h - a wand of iceblast (4/15)
 u - a wand of disintegration (10/24)
 M - a wand of lightning (4/15)
Scrolls
 j - 2 scrolls of magic mapping
 t - 2 scrolls of teleportation
 x - 2 scrolls of fog
 y - a scroll of fear {unknown}
 z - 10 scrolls of remove curse
 I - a scroll of torment {unknown}
 P - a scroll of silence
 S - a scroll of brand weapon {unknown}
Potions
 m - a potion of invisibility
 n - 2 potions of might
 p - 2 potions of magic {unknown}
 r - 2 potions of ambrosia {unknown}
 s - 3 potions of flight
 A - 3 potions of brilliance
 C - a potion of mutation {unknown}
 E - a potion of haste
 K - a potion of cancellation
 O - a potion of resistance {unknown}
Comestibles
 c - 6 bread rations
 v - 3 meat rations
 w - a royal jelly
 F - 7 slices of pizza


   Skills:
 + Level 9.4 Fighting
 * Level 15.9 Maces & Flails
 + Level 4.0 Bows
 + Level 7.7 Armour
 + Level 3.3 Dodging
 + Level 1.2 Stealth
 + Level 1.4 Evocations


You had 12 spell levels left.
You didn't know any spells.

Dungeon Overview and Level Annotations

Branches:
Dungeon (12/15)            Temple (0/1) D:5            Lair (3/6) D:10
  Snake (0/4) Lair:2          Orc (0/2) D:10
  Swamp: Lair:2-4    Shoals: Lair:2-4

Altars:
Hepliaklqana
Xom
Beogh

Shops:
D:4 (   D:10 =   D:11 (

Annotations:
D:8 exclusions: ice statue and orange crystal statue
Lair:3 Snorg


Innate Abilities, Weirdness & Mutations

You have a pair of horns on your head.
You are mostly covered in icy blue scales. (AC +3)
You may emit foul miasma when damaged in melee.
You are immune to rotting.
You are resistant to electric shocks. (rElec)


Message History

Moving in this stuff is going to be slow.
Snorg barely misses you. x2; Snorg closely misses you.
Snorg bites you! Snorg misses you. Snorg claws you.
The yak gores the plant but does no damage.
Snorg closely misses you. x3
The yak gores the plant!
The yak gores the plant.
Snorg bites you! Snorg barely misses you. Snorg claws you.
The yak gores the plant.
Snorg bites you!!
* * * LOW HITPOINT WARNING * * *
You emit a cloud of foul miasma!
Snorg claws you but does no damage. Snorg claws you!
* * * LOW HITPOINT WARNING * * *
Snorg is engulfed in dark miasma.
Snorg is poisoned.
Okay, then.
You feel better.
Snorg is no longer berserk.
Snorg bites you!
* * * LOW HITPOINT WARNING * * *
Snorg claws you!
You die...

### ### ####.# ### ######
######## #
..####.P#.###P###P##.###..##.P###
................P.PY..Y.P........
>...............@T§.Y.P.≈........
.....####.........YY..≈≈.≈.≈.....
......# #............P≈.≈≈≈≈P....
......##.........##..♣P≈≈≈≈≈.....
....#####....≈....#...≈.≈≈≈≈....#
....# #..≈P≈........≈≈≈≈(≈....#
....# #.≈≈≈♣P......♣≈≈≈≈≈≈.#..#
....### #...≈≈...##....≈≈≈.≈...##
....#.# .P≈≈≈≈≈♣..#.


You could see Snorg and 5 yaks.

Vanquished Creatures
  The ghost of Agrougrou the Protected, a journeyman FoFi of Okawaru (D:12)
  Fannar (D:10)
  Harold (D:11)
  Erica (D:8)
  A deep troll earth mage (D:12)
  5 skeletal warriors
  Pikel (D:8)
  A hill giant (D:11)
  An ugly thing (D:11)
  A manticore (D:11)
  2 cyclopes (D:11)
  3 elephants (Lair:2)
  2 centaur zombies
  Joseph (D:8)
  A centaur skeleton (D:10)
  A black mamba (Lair:2)
  3 gargoyles
  3 spiny frogs
  A kobold demonologist (D:11)
  2 komodo dragons (Lair:2)
  A hornet (D:10)
  2 hippogriffs
  Grinder (D:5)
  Prince Ribbit (D:9)
  A wyvern (Lair:2)
  A vampire (D:10)
  42 yaks
  A hungry ghost (D:12)
  A steam dragon (D:11)
  A vampire mosquito (D:11)
  A basilisk (Lair:2)
  3 nagas (Lair:2)
  5 water moccasins (Lair:2)
  Duvessa (D:5)
  3 porcupines
  An ice beast (D:11)
  2 slaves (D:8)
  3 phantoms
  8 orc warriors
  3 sky beasts
  2 black bears
  6 ogres
  5 centaurs
  4 crocodiles
  2 big kobolds (Sewer)
  10 bullfrogs
  2 gnoll sergeants
  Dowan (D:5)
  A wyvern skeleton (D:12)
  5 scorpions
  6 killer bees (D:11)
  7 electric eels
  A howler monkey (D:7)
  7 crimson imps
  4 orc priests
  7 hounds
  6 jellies
  A quasit (D:12)
  5 orc wizards
  A bullfrog skeleton (D:12)
  8 iguanas
  11 worker ants
  2 hound skeletons
  A howler monkey zombie (D:11)
  3 worker ant zombies
  12 gnolls
  19 adders
  3 river rats (Sewer)
  2 shadow imps
  6 oozes
  An adder skeleton (D:8)
  5 worms
  3 dart slugs
  7 leopard geckos
  60 orcs
  5 ball pythons (Sewer)
  4 giant cockroaches
  5 goblins
  6 hobgoblins
  7 jackals
  3 quokkas
  18 bats
  A jackal skeleton (D:9)
  10 kobolds
  A leopard gecko skeleton (D:4)
  22 rats
423 creatures vanquished.

Vanquished Creatures (others)
  A bush (Lair:2)
  4 fungi
  5 plants
10 creatures vanquished.

Grand Total: 433 creatures vanquished

Notes
Turn   | Place    | Note
-------+----------+-------------------------------------------
     0 | D:1      | tricornhat the Demonspawn Berserker began the quest for the Orb.
     0 | D:1      | Reached XP level 1. HP: 18/18 MP: 1/1
   501 | D:1      | Gained mutation: You have a pair of small horns on your head. [demonic ancestry]
   501 | D:1      | Reached XP level 2. HP: 23/24 MP: 2/2
   839 | D:2      | Reached skill level 3 in Maces & Flails
   879 | D:2      | Reached XP level 3. HP: 17/29 MP: 3/3
  1560 | D:3      | Reached XP level 4. HP: 37/37 MP: 4/4
  1607 | D:3      | Reached ** piety under Trog
  2276 | D:4      | Reached skill level 4 in Maces & Flails
  2276 | D:4      | Gained mutation: You are partially covered in icy blue scales. (AC +2) [demonic ancestry]
  2276 | D:4      | Reached XP level 5. HP: 42/42 MP: 5/5
  2687 | D:4      | You fall through a shaft!
  2687 | D:5      | Entered Level 5 of the Dungeon
  2693 | D:5      | Noticed a sky beast
  2699 | D:5      | Reached skill level 5 in Maces & Flails
  2699 | D:5      | Reached XP level 6. HP: 48/48 MP: 6/6
  2709 | D:5      | Killed a sky beast
  2812 | D:5      | Found a staircase to the Ecumenical Temple.
  2837 | D:5      | Noticed Grinder
  2847 | D:5      | Killed Grinder
  2847 | D:5      | Reached skill level 6 in Maces & Flails
  2847 | D:5      | Gained mutation: You are immune to rotting. [demonic ancestry]
  2847 | D:5      | Reached XP level 7. HP: 45/55 MP: 7/7
  3012 | D:4      | Found Fokat's Weapon Emporium.
  3118 | D:5      | Reached *** piety under Trog
  3252 | D:5      | Found a shimmering altar of Xom.
  3657 | D:5      | Noticed Duvessa
  3659 | D:5      | Noticed Dowan
  3666 | D:5      | Killed Duvessa
  3666 | D:5      | Reached skill level 7 in Maces & Flails
  3671 | D:5      | Killed Dowan
  3802 | D:4      | Bought a +3 longbow of freezing for 276 gold pieces
  3850 | D:4      | Reached XP level 8. HP: 51/61 MP: 8/8
  3980 | D:6      | Received a gift from Trog
  4137 | D:6      | Found a glowing drain.
  4145 | Sewer    | Entered a sewer
  4515 | Sewer    | Reached skill level 8 in Maces & Flails
  4731 | Sewer    | Reached **** piety under Trog
  4838 | D:6      | Noticed a gargoyle
  4849 | D:6      | Killed a gargoyle
  4849 | D:6      | Reached skill level 9 in Maces & Flails
  5106 | D:6      | Reached skill level 5 in Fighting
  5627 | D:7      | Reached XP level 9. HP: 68/68 MP: 9/9
  6643 | D:8      | Noticed Erica
  6647 | D:8      | Noticed Joseph
  6667 | D:8      | Killed Erica
  6667 | D:8      | Reached skill level 10 in Maces & Flails
  6667 | D:8      | Reached skill level 1 in Bows
  6676 | D:8      | Killed Joseph
  7319 | D:8      | Reached skill level 5 in Armour
  7369 | D:7      | Reached skill level 1 in Stealth
  7967 | D:8      | Reached ***** piety under Trog
  8078 | D:8      | Found a roughly hewn altar of Beogh.
  8111 | D:8      | Noticed an ice statue
  8149 | D:8      | Noticed an orange crystal statue
  8207 | D:7      | Gained mutation: You are mostly covered in icy blue scales. (AC +3) [demonic ancestry]
  8207 | D:7      | Reached XP level 10. HP: 76/76 MP: 10/10
  8476 | D:8      | Reached skill level 11 in Maces & Flails
  8515 | D:8      | Noticed Pikel
  8552 | D:8      | Killed Pikel
  9243 | D:9      | Noticed Prince Ribbit
  9257 | D:9      | Killed Prince Ribbit
  9318 | D:9      | Received a gift from Trog
  9365 | D:9      | Reached skill level 12 in Maces & Flails
  9541 | D:9      | Got an ancient shortbow {speed}
  9561 | D:9      | Identified the cursed +1 shortbow of Terror {speed, rPois} (You took it off a centaur on level 9 of the Dungeon)
  9643 | D:10     | Entered Level 10 of the Dungeon
  9833 | D:10     | Noticed Fannar
  9872 | D:10     | Killed Fannar
  9980 | D:10     | Got a jacinth-encrusted ring mail
 10145 | D:10     | Found a staircase to the Lair.
 10222 | D:10     | Gained mutation: You have a pair of horns on your head. [demonic ancestry]
 10222 | D:10     | Reached XP level 11. HP: 66/84 MP: 11/11
 10310 | D:10     | Found a staircase to the Orcish Mines.
 10527 | D:10     | Found Dosaampo's Jewellery Boutique.
 10715 | D:10     | Reached skill level 13 in Maces & Flails
 10833 | D:11     | Noticed Harold
 10840 | D:11     | Killed Harold
 11025 | D:11     | Found Rakualif's Weapon Boutique.
 11066 | D:11     | Found a hazy altar of Hepliaklqana.
 11498 | D:11     | Noticed a hill giant
 11510 | D:11     | Killed a hill giant
 11707 | D:11     | Identified the +1 ring mail of Kigiosso {rF+ Str+4 Stlth+} (You found it on level 10 of the Dungeon)
 11717 | D:11     | Gained mutation: You are resistant to electric shocks. (rElec) [potion of beneficial mutation]
 11993 | D:12     | Noticed Agrougrou's ghost (journeyman FoFi)
 12211 | D:12     | Killed Agrougrou's ghost
 12270 | D:12     | Reached skill level 1 in Evocations
 12287 | D:12     | Received a gift from Trog
 12382 | D:12     | Noticed a skeletal warrior
 12382 | D:12     | Noticed a skeletal warrior
 12382 | D:12     | Noticed a skeletal warrior
 12396 | D:12     | Killed a skeletal warrior
 12396 | D:12     | Reached skill level 14 in Maces & Flails
 12396 | D:12     | Reached XP level 12. HP: 52/94 MP: 12/12
 12898 | D:12     | Noticed a deep troll earth mage
 12926 | D:12     | Killed a deep troll earth mage
 13085 | D:12     | Noticed a tengu reaver
 13527 | Lair:1   | Entered Level 1 of the Lair of Beasts
 13631 | Lair:1   | Reached skill level 15 in Maces & Flails
 14013 | Lair:2   | Found a staircase to the Snake Pit.
 14595 | Lair:2   | Gained mutation: You may emit foul miasma when damaged in melee. [demonic ancestry]
 14595 | Lair:2   | Reached XP level 13. HP: 63/101 MP: 14/14
 15076 | Lair:3   | Received a gift from Trog
 15259 | Lair:3   | Noticed Snorg
 15290 | Lair:3   | Slain by Snorg

Skill      XL: |  1  2  3  4  5  6  7  8  9 10 11 12 |
---------------+-------------------------------------+-----
Armour         | 2 3 4 5 6 7 |  7.7
Maces & Flails | 3 4 5 6 7 9 10 12 14 15 | 15.9
Dodging        | 2 3 |  3.3
Fighting       | 4 5 6 7 8 9 |  9.4
Bows           | 2 3 4 |  4.0
Stealth        | 1 |  1.2
Evocations     | 1 |  1.4

Action                   |  1- 3 |  4- 6 |  7- 9 | 10-12 | 13-15 || total
-------------------------+-------+-------+-------+-------+-------++-------
Melee: Mace              |   125 |   125 |   465 |   693 |       ||  1408
       Headbutt          |    18 |    21 |    86 |   233 |    10 ||   368
       Great mace        |       |       |       |   303 |    38 ||   341
 Fire: Longbow           |       |       |    30 |    31 |    28 ||    89
Invok: Burn Spellbooks   |     1 |       |       |     3 |       ||     4
       Berserk           |       |       |     4 |     4 |       ||     8
Evoke: Wand              |       |       |       |    13 |       ||    13
  Use: Scroll            |     3 |     9 |    16 |     7 |     3 ||    38
       Potion            |       |       |    11 |     5 |     1 ||    17
  Eat: Chunk             |     2 |     4 |     9 |    17 |       ||    32
       Bread ration      |       |       |     2 |       |       ||     2
       Beef jerky        |       |       |     1 |       |       ||     1
       Fruit             |       |       |     4 |     6 |     9 ||    19
       Pizza             |       |       |       |     5 |       ||     5
Armor: Chain mail        |    73 |    63 |   116 |       |       ||   252
       Animal skin       |     2 |       |       |       |       ||     2
       Plate armour      |       |       |   106 |   575 |    48 ||   729
Dodge: Dodged            |    62 |    47 |   206 |   547 |    59 ||   921
